 Dungeon Crawl Stone Soup version 0.30-a0-702-gdf48620a09 (webtiles) character file.

Game seed: 355357566776273186

1365 ASSMAN the Insei (level 8, -2/67 HPs)
             Began as a Demonspawn Monk on Jan 21, 2023.
             Slain by a steam dragon (4 damage)
             ... on level 7 of the Dungeon.
             The game lasted 00:09:50 (4497 turns).

ASSMAN the Insei (Demonspawn Monk)                  Turns: 4497, Time: 00:09:51

Health: -2/67      AC: 14    Str: 14    XL:     8   Next: 38%
Magic:  8/8        EV: 10    Int: 15    God:
Gold:   294        SH:  0    Dex: 23    Spells: 6/7 levels left

rFire   . . .      SeeInvis .      - Unarmed
rCold   . . .      Faith    .    (no shield)
rNeg    . . .      Spirit   .    o - +3 scale mail of Qurchaudo {Will+ rCorr Str+3 Int-2}
rPois   .          Reflect  .    (no helmet)
rElec   .          Harm     .    k - +2 cloak
rCorr   +          Rampage  .    p - +0 pair of gloves
Will    +....                    f - +0 pair of boots
Stlth   +                        (no amulet)
HPRegen 0.31/turn                m - +6 ring of dexterity
MPRegen 0.11/turn                (no ring)

@: studying Shields
A: foul stench 1, big brain 2, demonic magic 1
a: no special abilities


You were on level 7 of the Dungeon.
You visited 1 branch of the dungeon, and saw 7 of its levels.
You also visited: Sewer.

You collected 294 gold pieces.

Inventory:

Missiles
 e - 3 javelins (quivered)
Armour
 f - a +0 pair of boots (worn)
 k - a +2 cloak (worn)
 o - the +3 scale mail of Qurchaudo (worn) {Will+ rCorr Str+3 Int-2}
   (You found it on level 3 of the Dungeon)

   Str:       It affects your strength (+3).
   Int:       It affects your intelligence (-2).
   rCorr:     It protects you from acid and corrosion.
   Will:      It increases your willpower.
 p - a +0 pair of gloves (worn)
Magical Staves
 a - a staff of air
Jewellery
 m - a +6 ring of dexterity (left hand)
Scrolls
 d - a scroll of blinking
 n - 2 scrolls of enchant weapon
 q - 2 scrolls of enchant armour
 s - a scroll of silence {unknown}
 t - a scroll of fog {unknown}
 v - 3 scrolls of vulnerability {unknown}
 w - a scroll of immolation {unknown}
 x - a scroll of teleportation {unknown}
Potions
 b - a potion of ambrosia
 c - a potion of haste
 g - a potion of brilliance
 h - 5 potions of curing
 i - 2 potions of cancellation
 j - 2 potions of flight
 l - a potion of heal wounds
 r - a potion of attraction
 u - a potion of experience {unknown}


   Skills:
 + Level 7.2 Fighting
 - Level 2.6 Dodging
 - Level 1.7 Stealth
 + Level 7.7 Unarmed Combat


You had 6 spell levels left.
You knew the following spells:

 Your Spells              Type           Power      Damage    Failure   Level
a - Foxfire               Conj/Fire      0%         2x1d4     77%         1

Your spell library contained the following spells:

 Spells                   Type           Power      Damage    Failure   Level
 Kiss of Death            Conj/Necr      0%         2d5       77%         1
 Sandblast                Erth           0%         2d4       77%         1
 Passwall                 Tmut/Erth      0%         N/A       88%         2
 Sublimation of Blood     Necr           0%         N/A       88%         2
 Kindle Blastsparks       Fire/Tloc/Air  0%         2d10      98%         3
 Stone Arrow              Conj/Erth      0%         3d7       98%         3
 Fulminant Prism          Conj/Hex       0%         3d5       100%        4
 Iskenderun's Mystic Bla  Conj/Tloc      0%         2d3       100%        4
 Agony                    Necr           0%         N/A       100%        5
 Borgnjor's Vile Clutch   Necr/Erth      0%         N/A       100%        5
 Lee's Rapid Deconstruct  Erth           0%         3d4*      100%        5


Dungeon Overview and Level Annotations

Branches:
Dungeon (7/15)              Sewer (visited)
 Temple: D:4-7

Altars:
Dithmenos
Hepliaklqana


Innate Abilities, Weirdness & Mutations

You may rarely emit foul miasma when damaged in melee.
You have an extremely huge brain. (Int +4)
Spells you cast may paralyse adjacent enemies.


Message History

The steam dragon is lightly wounded.
You are engulfed in a cloud of scalding steam.
The steam dragon bites you.
The steam dragon claws you but does no damage.
The steam dragon bites you but does no damage.
The steam dragon claws you but does no damage.
The steam dragon bites you. The steam dragon barely misses you.
There is a stone staircase leading down here.
The steam dragon bites you but does no damage.
The steam dragon claws you but does no damage.
You climb downwards.
Found 2 stones.
There is a stone staircase leading up here.
You closely miss the steam dragon.
The steam dragon is lightly wounded.
The steam dragon barely misses you. x2
You closely miss the steam dragon.
The steam dragon is lightly wounded.
The steam dragon barely misses you. x2
You hit the steam dragon but do no damage.
The steam dragon is lightly wounded.
You punch the steam dragon!
The steam dragon is heavily wounded.
The steam dragon breathes steam at you. The ball of steam hits you!
* * * LOW HITPOINT WARNING * * *
You barely miss the steam dragon. You punch the steam dragon.
The steam dragon is heavily wounded.
You are engulfed in a cloud of scalding steam.
* * * LOW HITPOINT WARNING * * *
The steam dragon bites you but does no damage.
The steam dragon claws you but does no damage.
Found 14 gold pieces.
The steam dragon closely misses you.
The steam dragon claws you but does no damage.
You hit the steam dragon.
The steam dragon is severely wounded.
The steam dragon bites you!
* * * LOW HITPOINT WARNING * * *
The steam dragon claws you.
You die...

#. #. #.###
#...# #...#
##...####
..##...D§§§#
#......@...#
...........#
####.......#
#.......#
##........
..........
..(.........
.$...........


You could see a steam dragon (catching breath).

Vanquished Creatures
  A two-headed ogre (D:4)
  Grinder (D:5)
  Pargi (Sewer)
  2 scorpions (D:5)
  An orc priest (D:4)
  A hound (D:5)
  3 iguanas
  An orc wizard (D:5)
  6 adders
  A river rat (D:4)
  2 shadow imps (D:5)
  A white imp (D:4)
  7 worms
  6 dart slugs
  10 orcs
  5 endoplasms
  6 giant cockroaches
  5 goblins
  5 hobgoblins
  3 jackals (D:5)
  3 quokkas
  9 ball pythons
  6 bats
  3 frilled lizards
  4 kobolds (D:1)
  5 rats
98 creatures vanquished.

Notes
Turn   | Place    | Note
-------+----------+-------------------------------------------
     0 | D:1      | ASSMAN the Demonspawn Monk began the quest for the Orb.
     0 | D:1      | Reached XP level 1. HP: 18/18 MP: 1/1
   239 | D:1      | Gained mutation: You have an unusually large brain. (Int
                  | +2) [demonic ancestry]
   239 | D:1      | Reached XP level 2. HP: 11/24 MP: 2/2
   783 | D:1      | Reached XP level 3. HP: 29/29 MP: 3/3
   789 | D:1      | Found a faded altar of an unknown god.
   794 | D:1      | Got Plato's Catalogue of Phlogiston
  1085 | D:2      | Learned a level 1 spell: Foxfire
  1894 | D:3      | Identified the +3 scale mail of Qurchaudo {Will+ rCorr
                  | Str+3 Int-2}
  1917 | D:3      | Reached XP level 4. HP: 35/35 MP: 4/4
  2519 | D:4      | Got the Thoughts on Corpses
  2523 | D:4      | Found a hazy altar of Hepliaklqana.
  2524 | D:4      | Found a shadowy altar of Dithmenos.
  2524 | D:4      | Noticed a shadow
  2609 | D:4      | Reached skill level 5 in Unarmed Combat
  2609 | D:4      | Reached XP level 5. HP: 25/41 MP: 5/5
  2756 | D:4      | Found a glowing drain.
  2802 | Sewer    | Entered a sewer
  2894 | Sewer    | Noticed Pargi
  2908 | Sewer    | Killed Pargi
  2909 | Sewer    | Gained mutation: Spells you cast may paralyse adjacent
                  | enemies. [demonic ancestry]
  2909 | Sewer    | Reached XP level 6. HP: 48/48 MP: 6/6
  3156 | D:4      | Noticed a two-headed ogre
  3199 | D:5      | Entered Level 5 of the Dungeon
  3375 | D:5      | Reached skill level 5 in Fighting
  3574 | D:5      | Noticed Grinder
  3604 | D:5      | Killed Grinder
  3605 | D:5      | Gained mutation: You have an extremely huge brain. (Int +4)
                  | [demonic ancestry]
  3605 | D:5      | Reached XP level 7. HP: 39/57 MP: 7/7
  4268 | D:4      | Killed a two-headed ogre
  4269 | D:4      | Gained mutation: You may rarely emit foul miasma when
                  | damaged in melee. [demonic ancestry]
  4269 | D:4      | Reached XP level 8. HP: 22/67 MP: 8/8
  4497 | D:7      | HP: 2/67 [steam dragon (9)]
  4497 | D:7      | Slain by a steam dragon

Illustrated notes

Levels and vault maps discovered:
D:1:      minmay_arrival_diagonal_passages, layout_rooms,
          shapermc_ecumenical_altar_rom_forum, minmay_door_square
D:2:      layout_loops_ring, minmay_cupped
D:3:      layout_rooms
D:4:      layout_rooms, riverfiend_overflow_shadow_ancestor,
          portal_sewer_entry_c, chequers_serial_rivers_small_a,
          minmay_manual_monstrance
D:5:      layout_basic, amcnicky_mini_pool_medium, uniq_grinder
D:6:      layout_gridville, minmay_temple_entry_sparse_star,
          kennysheep_generic_room_3
D:7:      layout_rooms, grunt_temple_overflow_octagram, st_stairs_1,
          eino_small_chamber_without_monster

Skill      XL: |  1  2  3  4  5  6  7 |
---------------+----------------------+-----
Unarmed Combat | 3 4 5 6 7 |  7.7
Fighting       | 4 5 7 |  7.2
Dodging        | |  2.6
Stealth        | |  1.7

Action                   |  1- 3 |  4- 6 |  7- 9 || total
-------------------------+-------+-------+-------++-------
Melee: Unarmed           |   163 |   262 |    47 ||   472
       Punch             |     4 |    18 |     3 ||    25
Throw: Javelin           |     2 |     6 |     3 ||    11
  Use: Scroll            |     2 |     3 |       ||     5
       Potion            |       |     8 |     1 ||     9
 Stab: Sleeping          |     7 |       |       ||     7
       Distracted        |     1 |       |       ||     1
Armor: Robe              |    27 |     5 |       ||    32
       Scale mail        |       |   102 |    23 ||   125
       Skin              |       |    10 |       ||    10
Dodge: Dodged            |    69 |   111 |    22 ||   202

Table legend: (Time is in decaauts)
 A = Elapsed time spent in this place.
 B = Non-inter-level travel time spent in this place.
 C = Inter-level travel time spent in this place.
 D = Time resting spent in this place.
 E = Time spent auto-exploring this place.
 F = Levels seen in this place.
 G = Mean time per level.
                   A        B        C        D        E       F      G
               +--------+--------+--------+--------+--------+-----+--------+
         Total |   4443 |   4256 |    187 |    387 |   2900 |   8 |  555.4 |
       Dungeon |   4238 |   4051 |    187 |    312 |   2836 |   7 |  605.4 |
         Sewer |    204 |    204 |      0 |     75 |     64 |   1 |  204.0 |
               +--------+--------+--------+--------+--------+-----+--------+

Top non-repeatable levels by time:
     D:1: 924 daAuts
     D:4: 917 daAuts
     D:5: 899 daAuts
     D:2: 860 daAuts
     D:3: 619 daAuts
   Sewer: 204 daAuts
     D:6: 11 daAuts
     D:7: 5 daAuts
